Unix NetHack Version 5.0.0-0 post-release - last build Jul 19 2026 19:10:59 (3aa4ab31751d3886436d94b585a96704892fd477,branch:main).

Game began 2026-07-30 19:12:06, ended 2026-07-30 19:24:24.

IceCreamJones, chaotic female human Wizard

                                     ---------------
       ----------                    |.............|
       |........|                    |.............|
       |......<.|     ----------     |.@>..........|       #############
       |.........#####|........| ####..............|               ----.--
       ----|-----    #|.........##   -----------|---###############-.^...|
           #         #.........|#####################              |.....|
       #####          |........|             #                   ##-.....|
       #              ----------             #                   # -------
     --.---                                  #                   #
     |.(.*|                               ####                   #
     |.....##########*                    #                      #
     |....|                             --.--         --------- ##
     ------                             |...-##       |.......| #
                                        |...| #######*...^....-##
                                        |...|         |.......|
                                        -----         ---------

IceCreamJones the Conjurer  St:10 Dx:12 Co:15 In:18 Wi:11 Ch:10  Chaotic
Dlvl:2  $:0  HP:0(28) Pw:17(26) AC:2  Xp:3 T:1547 

Latest messages:
 What do you want to wield? [- apFGJ or ?*]
 You are already wielding that!
 You miss the lichen.
 You kill the lichen!
 You descend the stairs.
 You stop.  Your kitten is in the way!
 You swap places with your kitten.
 You kill the newt!
 You see here a newt corpse.
 There is a newt corpse here; eat it? [ynq] (n)
 This newt corpse is gamey.
 You finish eating the newt corpse.
 You feel a mild buzz.
 You descend the stairs.
 You hear the chime of a cash register.
 You swap places with your kitten.
 You see here a redwood wand.
 M - a redwood wand.
 You hit the small mimic.
 You miss the small mimic.
 You miss the small mimic.
 What do you want to wield? [- apFGJ or ?*]
 You are already wielding that!
 In what direction?
 The spell hits the small mimic!
 A dark green potion shatters!
 You owe Possogroenoe 533 zorkmids for it!
 Possogroenoe gets angry!
 Possogroenoe zaps a silver wand!
 The magic missile misses the small mimic.
 The magic missile whizzes by you!
 The magic missile misses the kitten.
 You swap places with your kitten.
 Possogroenoe zaps a wand of magic missile!
 The magic missile hits the kitten!
 The magic missile hits you!
 The missiles bounce off!
 In what direction?
 The spell misses Possogroenoe.
 Possogroenoe hits!
 Possogroenoe hits again!
 You climb up the stairs.
 Possogroenoe hits!
 You die...
 Possogroenoe takes all your possessions.
 Do you want to see what you had when you died? [ynq] (y)
 Do you want to see your attributes? [ynq] (y)
 Do you want an account of creatures vanquished? [ynaq] (y)
 Do you want to see your conduct and achievements? [ynq] (y)
 Do you want to see the dungeon overview? [ynq] (y)

Inventory:
 Weapons  (')')
  G - a cursed +0 sling
  F - a cursed +0 dart
  J - a +0 dagger
  p - 2 +0 orcish daggers (alternate weapons; not wielded)
  a - a blessed +1 quarterstaff (weapon in hands)
 Armor    ('[')
  E - a blessed +0 orcish helm (being worn)
  r - an uncursed +0 orcish helm
  q - a cursed -4 orcish helm
  b - a blessed +3 cloak of magic resistance (being worn)
  L - an uncursed +0 leather armor (being worn)
 Comestibles  ('%')
  D - an uncursed food ration
 Scrolls  ('?')
  t - an uncursed scroll of confuse monster
  k - an uncursed scroll of create monster
  j - an uncursed scroll of earth
  I - a blessed scroll of enchant weapon
  o - an uncursed scroll of identify
 Spellbooks  ('+')
  m - an uncursed spellbook of cure blindness
  l - a blessed spellbook of force bolt
 Potions  ('!')
  h - a blessed potion of booze
  g - an uncursed potion of enlightenment
  B - 2 uncursed potions of healing
  f - an uncursed potion of levitation
 Rings    ('=')
  z - an uncursed +1 ring of protection (on right hand)
  d - an uncursed ring of protection from shape changers (on left hand)
  e - an uncursed ring of warning
 Wands    ('/')
  M - a wand of cold (0:6)
  c - a wand of fire (0:5)
 Tools    ('(')
  K - an empty uncursed sack
  n - a magic marker (0:20)

IceCreamJones the Wizard's attributes:

Background:
 You were a Conjurer, a level 3 female human Wizard.
 You were chaotic, on a mission for Anhur
 who was opposed by Ptah (lawful) and Thoth (neutral).
 You were right-handed.
 You were in the Dungeons of Doom, on level 2.
 You entered the dungeon 1547 turns ago.
 There was a full moon in effect when your adventure ended.
 You had 66 experience points, 14 more were needed to attain level 4.

Basics:
 You had 0 out of 28 hit points.
 You had 17 out of 26 energy points (spell power).
 Your armor class was 2.
 Your wallet was empty.
 Autopickup was off.

Final Characteristics:
 Your strength was 10 (limit:18/100).
 Your dexterity was 12 (limit:18).
 Your constitution was 15 (limit:18).
 Your intelligence was 18 (limit:18).
 Your wisdom was 11 (limit:18).
 Your charisma was 10 (limit:18).

Final Status:
 You weren't hungry.
 You were unencumbered.
 You were wielding a quarterstaff.
 You had basic skill with quarterstaff.

Final Attributes:
 You were devoutly aligned.
 You were magic-protected.
 You had a small defense bonus (+1).
 You were guarded.
 You were protected from shape changers.
 You are dead.

Miscellaneous:
 You didn't encounter any bones levels.
 Total elapsed playing time was 12 minutes and 16 seconds.

Major events:
 Turn
    1: IceCreamJones the chaotic female human Wizard entered the dungeon
  924: attained the rank of Conjurer (level 3)
 1547: killed by Ms. Possogroenoe; the shopkeeper

Spells:
 Name                 Level Category     Fail Retention
 force bolt             1   attack         0%  91%-100%
 cure blindness         2   healing       57%  76%-100%

Skills:
 Fighting Skills
   bare handed combat [Unskilled]
   riding             [Unskilled]
 Weapon Skills
   dagger             [Unskilled]
   knife              [Unskilled]
   axe                [Unskilled]
   short sword        [Unskilled]
   club               [Unskilled]
   mace               [Unskilled]
   quarterstaff       [Basic]
   polearms           [Unskilled]
   spear              [Unskilled]
   trident            [Unskilled]
   sling              [Unskilled]
   dart               [Unskilled]
   shuriken           [Unskilled]
 Spellcasting Skills
   attack spells      [Basic]
   healing spells     [Unskilled]
   divination spells  [Unskilled]
   enchantment spells [Basic]
   clerical spells    [Unskilled]
   escape spells      [Unskilled]
   matter spells      [Unskilled]

Voluntary challenges:
 Character rerolling was not enabled.
 You never genocided any monsters.
 You never polymorphed an object.
 You never changed form.
 You used no wishes.
Achievements:
 You attained the rank of Conjurer.
 You entered a shop.

 The Dungeons of Doom: levels 1 to 3
    Level 1:
       An altar.
    Level 2: <- You were here.
       Final resting place for
          you, killed by Ms. Possogroenoe; the shopkeeper.
    Level 3:
       A general store.


Vanquished creatures:
  a small mimic
  a coyote
  2 hobbits
  a manes
  2 brown molds
  2 geckos
  5 jackals
  a fox
  3 goblins
  2 sewer rats
  3 grid bugs
  2 lichens
  6 newts
31 creatures vanquished.

No species were genocided or became extinct.

Game over:
                       ----------
                      /          \
                     /    REST    \
                    /      IN      \
                   /     PEACE      \
                  /                  \
                  |  IceCreamJones   |
                  |       0 Au       |
                  |  killed by Ms.   |
                  |  Possogroenoe;   |
                  |  the shopkeeper  |
                  |                  |
                  |       2026       |
                 *|     *  *  *      | *
        _________)/\\_//(\/(/\)/\//\/|_)_______

Goodbye IceCreamJones the Wizard...

You died in The Dungeons of Doom on dungeon level 2 with 364 points,
and 0 pieces of gold, after 1547 moves.
You were level 3 with a maximum of 28 hit points when you died.

